Capitals vs Avalanche
Created - June 7, 2022 at 21:14
Goals
|
Capitals |
0 |
2 |
1 |
3 |
Avalanche |
1 |
1 |
0 |
2 |
|
Shots
|
Capitals |
9 |
10 |
12 |
31 |
Avalanche |
17 |
9 |
2 |
28 |
|
1st period
1. Avalanche , Mikkel Boedker 45 (Bryan Little 53, Joel Edmundson 8) at 18:21
Penalties :
Ilya Kovalchuk (Col) for Holding (Minor) at 9:12
2nd period
2. Avalanche , Vincent Trocheck 5 (Luke Witkowski 18, Martin Samuelsson 16) at 4:48
3. Capitals , Cody Hodgson 30 (Patrick Kane 34, Joe Thornton 45) at 12:26
4. Capitals , Nikita Zaitsev 6 (Jason Spezza 44, Cory Schneider) at 18:04 (PP)
Penalties :
Trevor Daley (Was) for Hooking (Minor) at 2:15, Erik Karlsson (Col) for Interference (Minor) at 17:51
3rd period
5. Capitals , Jason Spezza 41 (Joe Thornton 46, Cody Hodgson 38) at 6:32 (PP)
Penalties :
Bryan Little (Col) for Hooking (Minor) at 6:28, Mark Stone (Was) for Tripping (Minor) at 8:33, Milan Michalek (Was) for Hooking (Minor) at 13:47
Goalie Stats
Cory Schneider (Was), 26 saves from 28 shots - (0.929), W, 24-20-10, 60:00 minutes
Cam Ward (Col), 28 saves from 31 shots - (0.903), L, 27-18-3, 59:32 minutes
Players Stats for Capitals
Player Name G A P +/- PIM S H SB GA TA FO MP PP MP PK MP
------------------------------------------------------------------------------------
Alexander Radulov 0 0 0 0 0 0 0 0 0 0 0/0 10:47 0:02 0:00
Alexei Marchenko 0 0 0 0 0 1 1 2 0 1 0/0 20:13 0:00 2:35
Blake Pietila 0 0 0 0 0 1 3 0 0 1 0/0 12:27 0:02 1:37
Brad Richardson 0 0 0 0 0 1 1 0 0 1 3/4 12:07 0:02 1:16
Cameron Gaunce 0 0 0 0 0 1 1 0 1 0 0/0 16:10 1:09 0:44
Cody Hodgson 1 1 2 0 0 1 1 0 0 1 9/21 19:43 1:19 1:33
Jared Spurgeon 0 0 0 -1 0 3 1 1 1 2 0/0 19:06 0:00 0:12
Jason Spezza 1 1 2 0 0 3 1 1 0 1 1/1 16:15 1:19 1:33
Joe Thornton 0 2 2 0 0 2 3 0 0 0 0/1 18:06 1:19 0:00
Logan Couture 0 0 0 0 0 4 1 0 0 1 7/16 17:22 0:55 3:08
Mark Stone 0 0 0 -1 2 2 2 0 0 1 0/0 10:48 0:00 0:00
Milan Michalek 0 0 0 0 2 1 2 0 0 0 0/1 14:17 0:55 0:00
Nikita Zaitsev 1 0 1 0 0 7 2 0 0 0 0/0 25:02 1:07 3:22
Patrick Kane 0 1 1 0 0 2 3 1 2 0 0/0 20:30 0:55 2:47
Patrick Sharp 0 0 0 -1 0 0 0 1 0 0 0/0 10:48 0:00 0:00
Sergey Kalinin 0 0 0 -1 0 2 3 0 0 0 4/9 10:48 0:00 0:00
Trevor Daley 0 0 0 -1 2 0 1 0 0 1 0/0 15:36 1:09 1:39
Victor Hedman 0 0 0 0 0 0 0 1 0 0 0/0 23:55 1:07 3:22
Players Stats for Avalanche
Player Name G A P +/- PIM S H SB GA TA FO MP PP MP PK MP
------------------------------------------------------------------------------------
Bryan Little 0 1 1 1 2 4 2 0 0 0 11/22 19:50 3:12 0:00
Charlie Coyle 0 0 0 0 0 5 0 0 1 0 10/20 18:12 2:42 1:17
Colten Teubert 0 0 0 1 0 2 0 2 0 0 0/0 18:18 2:22 0:37
Erik Karlsson 0 0 0 1 2 1 1 1 0 1 0/0 21:22 3:35 0:00
Evgeny Dadonov 0 0 0 0 0 0 0 0 1 1 1/1 16:47 2:42 0:00
Ilya Kovalchuk 0 0 0 1 2 2 1 1 0 0 0/1 20:04 3:05 0:00
Jack Johnson 0 0 0 1 0 2 3 0 0 1 0/0 23:15 3:35 1:39
James Van Riemsdyk 0 0 0 0 0 1 2 0 0 0 0/0 17:24 2:42 0:22
Joel Edmundson 0 1 1 1 0 3 1 0 0 1 0/0 15:20 0:00 0:00
Kyle Turris 0 0 0 0 0 0 2 0 0 0 0/0 9:24 0:00 0:36
Luke Witkowski 0 1 1 0 0 1 1 0 0 0 0/0 10:51 0:10 1:15
Marc Staal 0 0 0 -1 0 1 2 2 2 0 0/0 20:19 0:00 1:39
Martin Samuelsson 0 1 1 0 0 0 0 0 0 0 0/0 9:24 0:00 0:36
Mattias Ekholm 0 0 0 -1 0 1 1 2 1 0 0/0 21:25 2:22 0:37
Mikkel Boedker 1 0 1 1 0 2 0 1 3 0 2/2 20:03 3:15 0:00
Pavel Buchnevich 0 0 0 0 0 1 1 0 1 0 0/0 11:54 0:03 0:00
Tomas Fleischmann 0 0 0 0 0 0 3 1 0 0 0/0 11:25 0:00 0:00
Vincent Trocheck 1 0 1 0 0 2 1 0 1 0 5/7 12:24 0:00 0:26
3 Stars
1 - Jason Spezza (Was)
2 - Cody Hodgson (Was)
3 - Joe Thornton (Was)
Power Play
Capitals - 2 on 3 Attempt(s) - 66.67%
Avalanche - 0 on 3 Attempt(s) - 0.00%
Penalty Kill
Capitals - 3 on 3 Attempt(s) - 100.00%
- Score 0 goal in Penalty Kill
Avalanche - 1 on 3 Attempt(s) - 33.33%
- Score 0 goal in Penalty Kill
Team Stat
Capitals - Hits : 26 - Faceoff Wins : 24 - Blocked Shots : 7 - Penalty Minutes : 6
Avalanche - Hits : 21 - Faceoff Wins : 29 - Blocked Shots : 10 - Penalty Minutes : 6
Official
Referees : Ian Walsh and Jacob Brenk
Linesman : Steve Miller and Brad Kovachik
Game Notes
No Game Note
Finance
Level 1 -- Attendance: 5506 (91.77%) -- Ticket Income $550,600
Level 2 -- Attendance: 4804 (96.08%) -- Ticket Income $288,240
Level 3 -- Attendance: 1859 (92.95%) -- Ticket Income $65,065
Level 4 -- Attendance: 4000 (100.00%) -- Ticket Income $100,000
Luxury Box -- Attendance: 1000 (100.00%) -- Ticket Income $200,000
Game was played at the Pepsi Center.
Total Attendance: 17169 (95.38%)
Total Ticket Income: $1,203,905
Other Income: $180,586
Total Income: $1,384,491
Capitals
5 vs 5 Forward
Center Left Wing Right Wing Time % Phy DF OF
1 Cody Hodgson Joe Thornton Patrick Kane 35 0 1 4
2 Logan Couture Milan Michalek Jason Spezza 25 0 2 3
3 Brad Richardson Blake Pietila Alexander Radulov 20 0 2 3
4 Sergey Kalinin Patrick Sharp Mark Stone 20 0 3 2
5 vs 5 Defense
Defense Defense Time % Phy DF OF
1 Victor Hedman Nikita Zaitsev 35 0 3 2
2 Jared Spurgeon Alexei Marchenko 35 0 4 1
3 Trevor Daley Cameron Gaunce 25 0 4 1
4 Victor Hedman Nikita Zaitsev 5 0 3 2
PowerPlay Forward
Center Left Wing Right Wing Time % Phy DF OF
1 Cody Hodgson Joe Thornton Jason Spezza 60 0 1 4
2 Logan Couture Milan Michalek Patrick Kane 40 0 1 4
PowerPlay Defense
Defense Defense Time % Phy DF OF
1 Nikita Zaitsev Victor Hedman 60 0 2 3
2 Cameron Gaunce Trevor Daley 40 0 2 3
Penalty Kill 4 Players Forward
Center Wing Time % Phy DF OF
1 Logan Couture Patrick Kane 60 0 4 1
2 Cody Hodgson Jason Spezza 40 0 4 1
Penalty Kill 4 Players Defense
Defense Defense Time % Phy DF OF
1 Nikita Zaitsev Victor Hedman 60 0 4 1
2 Trevor Daley Alexei Marchenko 40 0 4 1
Penalty Kill - 3 Players Forward
Forward Time % Phy DF OF
1 Logan Couture 60 0 5 0
2 Patrick Kane 40 0 5 0
Penalty Kill - 3 Players Defense
Defense Defense Time % Phy DF OF
1 Nikita Zaitsev Victor Hedman 60 0 5 0
2 Trevor Daley Alexei Marchenko 40 0 5 0
4 vs 4 Forward
Center Wing Time % Phy DF OF
1 Cody Hodgson Patrick Kane 60 0 2 3
2 Logan Couture Jason Spezza 40 0 2 3
4 vs 4 Defense
Defense Defense Time % Phy DF OF
1 Nikita Zaitsev Victor Hedman 60 0 2 3
2 Alexei Marchenko Trevor Daley 40 0 2 3
Last Minutes Offensive
Center Left Wing Right Wing Defense Defense
Cody Hodgson Patrick Kane Jason Spezza Nikita Zaitsev Victor Hedman
Last Minutes Defensive
Center Left Wing Right Wing Defense Defense
Logan Couture Milan Michalek Jason Spezza Alexei Marchenko Nikita Zaitsev
Goaltenders
Starting : Cory Schneider
Backup : Chet Pickard
Extra Forwards
Normal : Patrick Kane, Jason Spezza, Logan Couture - PP : Patrick Kane, Jason Spezza - PK : Patrick Kane
Extra Defensemen
Normal : Victor Hedman, Nikita Zaitsev, Alexei Marchenko - PP : Alexei Marchenko - PK : Nikita Zaitsev, Alexei Marchenko
Penalty Shots
Jason Spezza, Cody Hodgson, Patrick Kane, Alexander Radulov, Victor Hedman
Scratches
Brian Ferlin (Healthy), Jujhar Khaira (Healthy), Martins Karsums (Healthy)
Avalanche
5 vs 5 Forward
Center Left Wing Right Wing Time % Phy DF OF
1 Bryan Little Mikkel Boedker Ilya Kovalchuk 35 1 2 2
2 Charlie Coyle James Van Riemsdyk Evgeny Dadonov 30 1 2 2
3 Vincent Trocheck Tomas Fleischmann Pavel Buchnevich 20 1 2 2
4 Kyle Turris Martin Samuelsson Luke Witkowski 15 1 2 2
5 vs 5 Defense
Defense Defense Time % Phy DF OF
1 Jack Johnson Erik Karlsson 35 1 2 2
2 Mattias Ekholm Marc Staal 35 1 2 2
3 Colten Teubert Joel Edmundson 30 1 2 2
4 Jack Johnson Marc Staal 0 1 2 2
PowerPlay Forward
Center Left Wing Right Wing Time % Phy DF OF
1 Bryan Little Mikkel Boedker Ilya Kovalchuk 60 1 2 2
2 Charlie Coyle James Van Riemsdyk Evgeny Dadonov 40 1 2 2
PowerPlay Defense
Defense Defense Time % Phy DF OF
1 Jack Johnson Erik Karlsson 60 1 2 2
2 Colten Teubert Mattias Ekholm 40 1 2 2
Penalty Kill 4 Players Forward
Center Wing Time % Phy DF OF
1 Charlie Coyle Luke Witkowski 60 1 2 2
2 Kyle Turris Martin Samuelsson 40 1 2 2
Penalty Kill 4 Players Defense
Defense Defense Time % Phy DF OF
1 Jack Johnson Marc Staal 60 1 2 2
2 Colten Teubert Mattias Ekholm 40 1 2 2
Penalty Kill - 3 Players Forward
Forward Time % Phy DF OF
1 Mikkel Boedker 60 1 2 2
2 Bryan Little 40 1 2 2
Penalty Kill - 3 Players Defense
Defense Defense Time % Phy DF OF
1 Jack Johnson Marc Staal 60 1 2 2
2 Erik Karlsson Mattias Ekholm 40 1 2 2
4 vs 4 Forward
Center Wing Time % Phy DF OF
1 Mikkel Boedker Bryan Little 60 1 2 2
2 Ilya Kovalchuk Charlie Coyle 40 1 2 2
4 vs 4 Defense
Defense Defense Time % Phy DF OF
1 Jack Johnson Marc Staal 60 1 2 2
2 Erik Karlsson Mattias Ekholm 40 1 2 2
Last Minutes Offensive
Center Left Wing Right Wing Defense Defense
Bryan Little Mikkel Boedker Ilya Kovalchuk Jack Johnson Marc Staal
Last Minutes Defensive
Center Left Wing Right Wing Defense Defense
Bryan Little Mikkel Boedker Ilya Kovalchuk Jack Johnson Marc Staal
Goaltenders
Starting : Cam Ward
Backup : Semyon Varlamov
Extra Forwards
Normal : Luke Witkowski, James Van Riemsdyk, Vincent Trocheck - PP : Luke Witkowski, James Van Riemsdyk - PK : Vincent Trocheck
Extra Defensemen
Normal : Colten Teubert, Joel Edmundson, Erik Karlsson - PP : Colten Teubert - PK : Joel Edmundson, Erik Karlsson
Penalty Shots
Mikkel Boedker, Bryan Little, Ilya Kovalchuk, Charlie Coyle, Evgeny Dadonov
Scratches
Patric Hornqvist (Healthy)
% Time on Ice - Capitals
Lines # - Real PCT - Wanted PCT - Time Play
Normal Forward
1 - 34% - 35% - 17:14
2 - 24% - 25% - 12:16
3 - 20% - 20% - 10:22
4 - 21% - 20% - 10:48
Normal Defense
1 - 36% - 35% - 18:06
2 - 37% - 35% - 18:55
3 - 24% - 25% - 12:19
4 - 3% - 5% - 1:20
PP Forward
1 - 60% - 60% - 1:21
2 - 40% - 40% - 0:55
PP Defense
1 - 49% - 60% - 1:07
2 - 51% - 40% - 1:09
PK Forward
1 - 74% - 60% - 4:24
2 - 26% - 40% - 1:33
PK Defense
1 - 57% - 60% - 3:22
2 - 43% - 40% - 2:35
PK3 Forward
1 - 0% - 60%
2 - 0% - 40%
PK3 Defense
1 - 0% - 60%
2 - 0% - 40%
44 Forward
1 - 0% - 60%
2 - 0% - 40%
44 Defense
1 - 0% - 60%
2 - 0% - 40%
Last Minute Offensive - 0:00
Last Minute Defensive - 1:07
Total
Forward - 60:00
Defense - 60:00
|
% Time on Ice - Avalanche
Lines # - Real PCT - Wanted PCT - Time Play
Normal Forward
1 - 32% - 35% - 16:25
2 - 28% - 30% - 14:05
3 - 23% - 20% - 11:25
4 - 17% - 15% - 8:48
Normal Defense
1 - 34% - 35% - 17:15
2 - 36% - 35% - 18:26
3 - 30% - 30% - 15:02
4 - 0% - 0% - 0:00
PP Forward
1 - 55% - 60% - 3:15
2 - 45% - 40% - 2:42
PP Defense
1 - 60% - 60% - 3:35
2 - 40% - 40% - 2:22
PK Forward
1 - 74% - 60% - 1:40
2 - 26% - 40% - 0:36
PK Defense
1 - 73% - 60% - 1:39
2 - 27% - 40% - 0:37
PK3 Forward
1 - 0% - 60%
2 - 0% - 40%
PK3 Defense
1 - 0% - 60%
2 - 0% - 40%
44 Forward
1 - 0% - 60%
2 - 0% - 40%
44 Defense
1 - 0% - 60%
2 - 0% - 40%
Last Minute Offensive - 1:04
Last Minute Defensive - 0:00
Total
Forward - 60:00
Defense - 60:00
|
Play-by-Play
1st period
0:01 of 1st period - Bryan Little wins face-off versus Cody Hodgson in neutral zone.
0:26 of 1st period - Erik Karlsson is hit by Blake Pietila and loses puck.
0:33 of 1st period - Slapshot by Blake Pietila.
0:33 of 1st period - Deflect By Mikkel Boedker.
0:33 of 1st period - Shot Misses the Net.
0:33 of 1st period - Puck is out of play.
0:34 of 1st period - Charlie Coyle wins face-off versus Sergey Kalinin in Avalanche zone.
0:34 of 1st period - Charlie Coyle is hit by Sergey Kalinin.
1:01 of 1st period - Slapshot by Logan Couture.
1:01 of 1st period - Stopped by Cam Ward with a rebound.
1:03 of 1st period - Snap shot by Jason Spezza.
1:03 of 1st period - Stopped by Cam Ward without a rebound.
1:04 of 1st period - Vincent Trocheck wins face-off versus Cody Hodgson in Avalanche zone.
1:19 of 1st period - Snap shot by Tomas Fleischmann.
1:19 of 1st period - Shot Misses the Net.
1:25 of 1st period - Colten Teubert is hit by Joe Thornton and loses puck.
2:08 of 1st period - Wrist shot by Martin Samuelsson.
2:08 of 1st period - Shot Misses the Net.
2:10 of 1st period - Snap shot by Luke Witkowski.
2:10 of 1st period - Stopped by Cory Schneider without a rebound.
2:11 of 1st period - Evgeny Dadonov wins face-off versus Sergey Kalinin in Capitals zone.
2:14 of 1st period - Slapshot by Charlie Coyle.
2:14 of 1st period - Stopped by Cory Schneider with a rebound.
2:16 of 1st period - Slapshot by Marc Staal.
2:16 of 1st period - Deflect By Mark Stone.
2:16 of 1st period - Stopped by Cory Schneider with a rebound.
2:18 of 1st period - Slapshot by Mattias Ekholm.
2:18 of 1st period - Stopped by Cory Schneider with a rebound.
2:42 of 1st period - Slapshot by Mikkel Boedker.
2:42 of 1st period - Stopped by Cory Schneider with a rebound.
2:48 of 1st period - Wrist shot by Logan Couture.
2:48 of 1st period - Stopped by Cam Ward without a rebound.
2:49 of 1st period - Cody Hodgson wins face-off versus Charlie Coyle in Avalanche zone.
3:18 of 1st period - Wrist shot by Bryan Little.
3:18 of 1st period - Stopped by Cory Schneider with a rebound.
4:14 of 1st period - Snap shot by Vincent Trocheck.
4:14 of 1st period - Stopped by Cory Schneider with a rebound.
4:36 of 1st period - Snap shot by Joe Thornton.
4:36 of 1st period - Stopped by Cam Ward with a rebound.
4:38 of 1st period - Snap shot by Cameron Gaunce.
4:38 of 1st period - Shot Blocked by Mattias Ekholm.
4:54 of 1st period - Alexander Radulov is hit by Ilya Kovalchuk and loses puck.
5:13 of 1st period - Snap shot by Mark Stone.
5:13 of 1st period - Shot Misses the Net.
5:15 of 1st period - Snap shot by Sergey Kalinin.
5:15 of 1st period - Stopped by Cam Ward with a rebound.
5:17 of 1st period - Slapshot by Alexei Marchenko.
5:17 of 1st period - Stopped by Cam Ward without a rebound.
5:18 of 1st period - Bryan Little wins face-off versus Sergey Kalinin in Avalanche zone.
5:36 of 1st period - Wrist shot by Victor Hedman.
5:36 of 1st period - Shot Blocked by Colten Teubert.
5:55 of 1st period - Snap shot by Cody Hodgson.
5:55 of 1st period - Shot Misses the Net.
6:21 of 1st period - Snap shot by Jack Johnson.
6:21 of 1st period - Deflect By Vincent Trocheck.
6:21 of 1st period - Shot Misses the Net.
6:21 of 1st period - Puck is out of play.
6:22 of 1st period - Brad Richardson wins face-off versus Bryan Little in Capitals zone.
6:29 of 1st period - Marc Staal is hit by Blake Pietila and loses puck.
7:41 of 1st period - Snap shot by Pavel Buchnevich.
7:41 of 1st period - Stopped by Cory Schneider without a rebound.
7:42 of 1st period - Cody Hodgson wins face-off versus Bryan Little in Capitals zone.
7:47 of 1st period - Jack Johnson is hit by Patrick Kane and loses puck.
8:08 of 1st period - Charlie Coyle is hit by Milan Michalek and loses puck.
9:10 of 1st period - Slapshot by Patrick Kane.
9:10 of 1st period - Shot Misses the Net.
9:12 of 1st period - Minor Penalty to Ilya Kovalchuk for Holding.
9:13 of 1st period - Cody Hodgson wins face-off versus Charlie Coyle in Avalanche zone.
9:14 of 1st period - Snap shot by Joe Thornton.
9:14 of 1st period - Stopped by Cam Ward with a rebound.
11:12 of 1st period - Penalty to Ilya Kovalchuk is over, Ilya Kovalchuk is back on ice.
11:21 of 1st period - Colten Teubert is hit by Blake Pietila and loses puck.
12:13 of 1st period - Slapshot by Jack Johnson.
12:13 of 1st period - Stopped by Cory Schneider with a rebound.
12:25 of 1st period - Cameron Gaunce is hit by Bryan Little and loses puck.
12:38 of 1st period - Martin Samuelsson is hit by Trevor Daley and loses puck.
12:53 of 1st period - Sergey Kalinin is hit by Tomas Fleischmann.
13:34 of 1st period - Colten Teubert is hit by Nikita Zaitsev and loses puck.
13:49 of 1st period - Slapshot by Colten Teubert.
13:49 of 1st period - Stopped by Cory Schneider with a rebound.
14:09 of 1st period - Cameron Gaunce is hit by Pavel Buchnevich and loses puck.
14:18 of 1st period - Vincent Trocheck is hit by Sergey Kalinin and loses puck.
15:12 of 1st period - Snap shot by Blake Pietila.
15:12 of 1st period - Shot Blocked by Marc Staal.
15:14 of 1st period - Backhand shot by Nikita Zaitsev.
15:14 of 1st period - Stopped by Cam Ward with a rebound.
15:16 of 1st period - Wrist shot by Victor Hedman.
15:16 of 1st period - Shot Blocked by Mattias Ekholm.
15:32 of 1st period - Victor Hedman is hit by Marc Staal and loses puck.
15:59 of 1st period - Snap shot by Pavel Buchnevich.
15:59 of 1st period - Shot Blocked by Patrick Sharp.
16:07 of 1st period - Icing by Colten Teubert.
16:08 of 1st period - Vincent Trocheck wins face-off versus Cody Hodgson in Avalanche zone.
16:15 of 1st period - Jared Spurgeon is hit by Tomas Fleischmann and loses puck.
16:22 of 1st period - Slapshot by Tomas Fleischmann.
16:22 of 1st period - Shot Misses the Net.
16:24 of 1st period - Slapshot by Joel Edmundson.
16:24 of 1st period - Shot Misses the Net.
16:26 of 1st period - Slapshot by Colten Teubert.
16:26 of 1st period - Shot Misses the Net.
16:28 of 1st period - Slapshot by Colten Teubert.
16:28 of 1st period - Stopped by Cory Schneider with a rebound.
16:30 of 1st period - Slapshot by Joel Edmundson.
16:30 of 1st period - Stopped by Cory Schneider with a rebound.
16:32 of 1st period - Backhand shot by Colten Teubert.
16:32 of 1st period - Shot Blocked by Patrick Kane.
16:34 of 1st period - Slapshot by Joel Edmundson.
16:34 of 1st period - Stopped by Cory Schneider with a rebound.
16:36 of 1st period - Wrist shot by Colten Teubert.
16:36 of 1st period - Deflect By Vincent Trocheck.
16:36 of 1st period - Shot Misses the Net.
16:36 of 1st period - Puck is out of play.
16:37 of 1st period - Charlie Coyle wins face-off versus Logan Couture in Capitals zone.
16:40 of 1st period - Snap shot by Charlie Coyle.
16:40 of 1st period - Stopped by Cory Schneider without a rebound.
16:41 of 1st period - Logan Couture wins face-off versus Charlie Coyle in Capitals zone.
16:46 of 1st period - Wrist shot by Charlie Coyle.
16:46 of 1st period - Stopped by Cory Schneider with a rebound.
16:56 of 1st period - Wrist shot by Logan Couture.
16:56 of 1st period - Stopped by Cam Ward without a rebound.
16:57 of 1st period - Bryan Little wins face-off versus Cody Hodgson in Avalanche zone.
17:24 of 1st period - Evgeny Dadonov is hit by Nikita Zaitsev and loses puck.
17:55 of 1st period - Blake Pietila is hit by Marc Staal and loses puck.
18:07 of 1st period - Off-side.
18:08 of 1st period - Sergey Kalinin wins face-off versus Bryan Little in neutral zone.
18:21 of 1st period - Wrist shot by Mikkel Boedker.
18:21 of 1st period - Goal by Mikkel Boedker - Capitals : 0 - Avalanche : 1.
18:22 of 1st period - Charlie Coyle wins face-off versus Cody Hodgson in neutral zone.
18:25 of 1st period - Patrick Kane is hit by James Van Riemsdyk and loses puck.
18:38 of 1st period - Wrist shot by Erik Karlsson.
18:38 of 1st period - Stopped by Cory Schneider without a rebound.
18:39 of 1st period - Bryan Little wins face-off versus Logan Couture in Capitals zone.
19:04 of 1st period - Joe Thornton is hit by Jack Johnson and loses puck.
Goals for this period are 0 for Capitals vs 1 for Avalanche.
Shots for this period are 9 for Capitals vs 17 for Avalanche.
2nd period
0:01 of 2nd period - Charlie Coyle wins face-off versus Cody Hodgson in neutral zone.
0:26 of 2nd period - Mikkel Boedker is hit by Jason Spezza and loses puck.
0:47 of 2nd period - Snap shot by Blake Pietila.
0:47 of 2nd period - Shot Misses the Net.
0:49 of 2nd period - Slapshot by Nikita Zaitsev.
0:49 of 2nd period - Stopped by Cam Ward with a rebound.
0:51 of 2nd period - Slapshot by Blake Pietila.
0:51 of 2nd period - Stopped by Cam Ward without a rebound.
0:52 of 2nd period - Brad Richardson wins face-off versus Charlie Coyle in Avalanche zone.
2:01 of 2nd period - Snap shot by Sergey Kalinin.
2:01 of 2nd period - Shot Blocked by Tomas Fleischmann.
2:15 of 2nd period - Minor Penalty to Trevor Daley for Hooking.
2:16 of 2nd period - Logan Couture wins face-off versus Bryan Little in Capitals zone.
2:37 of 2nd period - Patrick Kane is hit by Jack Johnson and loses puck.
4:08 of 2nd period - Evgeny Dadonov is hit by Alexei Marchenko and loses puck.
4:15 of 2nd period - Penalty to Trevor Daley is over, Trevor Daley is back on ice.
4:48 of 2nd period - Snap shot by Vincent Trocheck.
4:48 of 2nd period - Goal by Vincent Trocheck - Capitals : 0 - Avalanche : 2.
4:49 of 2nd period - Bryan Little wins face-off versus Cody Hodgson in neutral zone.
5:08 of 2nd period - Mattias Ekholm is hit by Patrick Kane and loses puck.
5:40 of 2nd period - Wrist shot by Mark Stone.
5:40 of 2nd period - Deflect By Evgeny Dadonov.
5:40 of 2nd period - Shot Misses the Net.
5:40 of 2nd period - Puck is out of play.
5:41 of 2nd period - Sergey Kalinin wins face-off versus Vincent Trocheck in Avalanche zone.
5:56 of 2nd period - Snap shot by Pavel Buchnevich.
5:56 of 2nd period - Shot Blocked by Alexei Marchenko.
6:06 of 2nd period - Backhand shot by Patrick Kane.
6:06 of 2nd period - Shot Misses the Net.
6:08 of 2nd period - Slapshot by Alexei Marchenko.
6:08 of 2nd period - Deflect By Patrick Kane.
6:08 of 2nd period - Shot Misses the Net.
6:08 of 2nd period - Puck is out of play.
6:09 of 2nd period - Cody Hodgson wins face-off versus Bryan Little in Avalanche zone.
6:43 of 2nd period - Cody Hodgson is hit by Bryan Little and loses puck.
6:58 of 2nd period - Wrist shot by Bryan Little.
6:58 of 2nd period - Shot Misses the Net.
7:02 of 2nd period - Snap shot by Bryan Little.
7:02 of 2nd period - Shot Hit the Post.
7:04 of 2nd period - Slapshot by Jack Johnson.
7:04 of 2nd period - Deflect By Patrick Kane.
7:04 of 2nd period - Stopped by Cory Schneider without a rebound.
7:05 of 2nd period - Charlie Coyle wins face-off versus Milan Michalek in Capitals zone.
7:53 of 2nd period - Patrick Sharp is hit by Kyle Turris and loses puck.
8:38 of 2nd period - Slapshot by Trevor Daley.
8:38 of 2nd period - Deflect By Patrick Kane.
8:38 of 2nd period - Shot Misses the Net.
8:38 of 2nd period - Puck is out of play.
8:39 of 2nd period - Vincent Trocheck wins face-off versus Cody Hodgson in Avalanche zone.
8:42 of 2nd period - Wrist shot by Patrick Kane.
8:42 of 2nd period - Stopped by Cam Ward with a rebound.
9:55 of 2nd period - Bryan Little is hit by Joe Thornton and loses puck.
10:20 of 2nd period - Off-side.
10:21 of 2nd period - Charlie Coyle wins face-off versus Sergey Kalinin in neutral zone.
10:30 of 2nd period - Snap shot by Charlie Coyle.
10:30 of 2nd period - Stopped by Cory Schneider with a rebound.
10:46 of 2nd period - Wrist shot by Patrick Sharp.
10:46 of 2nd period - Deflect By Sergey Kalinin.
10:46 of 2nd period - Stopped by Cam Ward with a rebound.
10:52 of 2nd period - Slapshot by Mattias Ekholm.
10:52 of 2nd period - Shot Hit the Post.
10:54 of 2nd period - Snap shot by Mikkel Boedker.
10:54 of 2nd period - Deflect By Alexei Marchenko.
10:54 of 2nd period - Shot Misses the Net.
10:54 of 2nd period - Puck is out of play.
10:55 of 2nd period - Bryan Little wins face-off versus Cody Hodgson in Capitals zone.
12:06 of 2nd period - Slapshot by Cameron Gaunce.
12:06 of 2nd period - Stopped by Cam Ward with a rebound.
12:08 of 2nd period - Snap shot by Patrick Kane.
12:08 of 2nd period - Stopped by Cam Ward without a rebound.
12:09 of 2nd period - Vincent Trocheck wins face-off versus Cody Hodgson in Avalanche zone.
12:26 of 2nd period - Snap shot by Cody Hodgson.
12:26 of 2nd period - Goal by Cody Hodgson - Capitals : 1 - Avalanche : 2.
12:27 of 2nd period - Cody Hodgson wins face-off versus Bryan Little in neutral zone.
12:36 of 2nd period - Wrist shot by Bryan Little.
12:36 of 2nd period - Stopped by Cory Schneider without a rebound.
12:37 of 2nd period - Cody Hodgson wins face-off versus Ilya Kovalchuk in Capitals zone.
13:00 of 2nd period - Slapshot by Bryan Little.
13:00 of 2nd period - Shot Misses the Net.
13:02 of 2nd period - Wrist shot by Bryan Little.
13:02 of 2nd period - Stopped by Cory Schneider with a rebound.
13:04 of 2nd period - Snap shot by Bryan Little.
13:04 of 2nd period - Stopped by Cory Schneider with a rebound.
13:06 of 2nd period - Wrist shot by Mikkel Boedker.
13:06 of 2nd period - Shot Misses the Net.
13:08 of 2nd period - Snap shot by Marc Staal.
13:08 of 2nd period - Deflect By Ilya Kovalchuk.
13:08 of 2nd period - Stopped by Cory Schneider with a rebound.
13:10 of 2nd period - Slapshot by Mikkel Boedker.
13:10 of 2nd period - Shot Misses the Net.
13:12 of 2nd period - Slapshot by Marc Staal.
13:12 of 2nd period - Shot Blocked by Alexei Marchenko.
13:45 of 2nd period - Icing by Alexei Marchenko.
13:46 of 2nd period - Charlie Coyle wins face-off versus Cody Hodgson in Capitals zone.
13:47 of 2nd period - Snap shot by James Van Riemsdyk.
13:47 of 2nd period - Stopped by Cory Schneider without a rebound.
13:48 of 2nd period - Charlie Coyle wins face-off versus Logan Couture in Capitals zone.
14:40 of 2nd period - Slapshot by Victor Hedman.
14:40 of 2nd period - Shot Misses the Net.
14:42 of 2nd period - Wrist shot by Mark Stone.
14:42 of 2nd period - Stopped by Cam Ward without a rebound.
14:43 of 2nd period - Sergey Kalinin wins face-off versus Charlie Coyle in Avalanche zone.
14:46 of 2nd period - Snap shot by Mark Stone.
14:46 of 2nd period - Shot Misses the Net.
15:45 of 2nd period - Trevor Daley is hit by Joel Edmundson and loses puck.
16:02 of 2nd period - Snap shot by Brad Richardson.
16:02 of 2nd period - Shot Misses the Net.
16:04 of 2nd period - Wrist shot by Brad Richardson.
16:04 of 2nd period - Shot Blocked by Erik Karlsson.
16:40 of 2nd period - Slapshot by Bryan Little.
16:40 of 2nd period - Shot Misses the Net.
17:32 of 2nd period - Snap shot by Charlie Coyle.
17:32 of 2nd period - Stopped by Cory Schneider without a rebound.
17:33 of 2nd period - Brad Richardson wins face-off versus Charlie Coyle in Capitals zone.
17:51 of 2nd period - Minor Penalty to Erik Karlsson for Interference.
17:52 of 2nd period - Charlie Coyle wins face-off versus Joe Thornton in Avalanche zone.
17:52 of 2nd period - Charlie Coyle is hit by Joe Thornton.
18:04 of 2nd period - Slapshot by Nikita Zaitsev.
18:04 of 2nd period - Goal by Nikita Zaitsev - Capitals : 2 - Avalanche : 2.
18:05 of 2nd period - Cody Hodgson wins face-off versus Charlie Coyle in neutral zone.
19:46 of 2nd period - Trevor Daley is hit by Kyle Turris and loses puck.
19:56 of 2nd period - Snap shot by Nikita Zaitsev.
19:56 of 2nd period - Stopped by Cam Ward without a rebound.
19:57 of 2nd period - Jason Spezza wins face-off versus Charlie Coyle in Avalanche zone.
Goals for this period are 2 for Capitals vs 1 for Avalanche.
Shots for this period are 10 for Capitals vs 9 for Avalanche.
3rd period
0:01 of 3rd period - Mikkel Boedker wins face-off versus Logan Couture in neutral zone.
0:16 of 3rd period - Wrist shot by Logan Couture.
0:16 of 3rd period - Stopped by Cam Ward with a rebound.
0:26 of 3rd period - Alexander Radulov is hit by James Van Riemsdyk and loses puck.
1:16 of 3rd period - Kyle Turris is hit by Cody Hodgson and loses puck.
1:36 of 3rd period - Snap shot by Logan Couture.
1:36 of 3rd period - Shot Misses the Net.
1:38 of 3rd period - Snap shot by Milan Michalek.
1:38 of 3rd period - Shot Misses the Net.
1:40 of 3rd period - Slapshot by Nikita Zaitsev.
1:40 of 3rd period - Stopped by Cam Ward with a rebound.
2:00 of 3rd period - Off-side.
2:01 of 3rd period - Bryan Little wins face-off versus Logan Couture in neutral zone.
2:28 of 3rd period - James Van Riemsdyk is hit by Cameron Gaunce and loses puck.
3:15 of 3rd period - Cody Hodgson is hit by Tomas Fleischmann and loses puck.
3:22 of 3rd period - Snap shot by Pavel Buchnevich.
3:22 of 3rd period - Shot Misses the Net.
3:24 of 3rd period - Slapshot by Joel Edmundson.
3:24 of 3rd period - Deflect By Patrick Kane.
3:24 of 3rd period - Stopped by Cory Schneider with a rebound.
3:26 of 3rd period - Slapshot by Colten Teubert.
3:26 of 3rd period - Deflect By Vincent Trocheck.
3:26 of 3rd period - Shot Blocked by Jared Spurgeon.
3:26 of 3rd period - Puck is out of play.
3:27 of 3rd period - Bryan Little wins face-off versus Logan Couture in Capitals zone.
3:32 of 3rd period - Bryan Little is hit by Milan Michalek and loses puck.
4:50 of 3rd period - Snap shot by Blake Pietila.
4:50 of 3rd period - Shot Misses the Net.
4:52 of 3rd period - Wrist shot by Brad Richardson.
4:52 of 3rd period - Stopped by Cam Ward with a rebound.
4:54 of 3rd period - Wrist shot by Alexander Radulov.
4:54 of 3rd period - Shot Blocked by Ilya Kovalchuk.
5:00 of 3rd period - Wrist shot by Alexander Radulov.
5:00 of 3rd period - Shot Misses the Net.
5:02 of 3rd period - Slapshot by Victor Hedman.
5:02 of 3rd period - Shot Hit the Post.
5:04 of 3rd period - Snap shot by Brad Richardson.
5:04 of 3rd period - Shot Blocked by Mikkel Boedker.
5:06 of 3rd period - Slapshot by Nikita Zaitsev.
5:06 of 3rd period - Stopped by Cam Ward without a rebound.
5:07 of 3rd period - Logan Couture wins face-off versus Charlie Coyle in Avalanche zone.
5:10 of 3rd period - Snap shot by Logan Couture.
5:10 of 3rd period - Shot Misses the Net.
5:12 of 3rd period - Snap shot by Jared Spurgeon.
5:12 of 3rd period - Stopped by Cam Ward without a rebound.
5:13 of 3rd period - Charlie Coyle wins face-off versus Logan Couture in Avalanche zone.
6:04 of 3rd period - Snap shot by Patrick Kane.
6:04 of 3rd period - Deflect By Joe Thornton.
6:04 of 3rd period - Shot Hit the Post.
6:04 of 3rd period - Puck is out of play.
6:05 of 3rd period - Logan Couture wins face-off versus Bryan Little in Avalanche zone.
6:28 of 3rd period - Minor Penalty to Bryan Little for Hooking.
6:29 of 3rd period - Cody Hodgson wins face-off versus Charlie Coyle in Avalanche zone.
6:30 of 3rd period - Snap shot by Joe Thornton.
6:30 of 3rd period - Shot Misses the Net.
6:32 of 3rd period - Snap shot by Jason Spezza.
6:32 of 3rd period - Goal by Jason Spezza - Capitals : 3 - Avalanche : 2.
6:33 of 3rd period - Bryan Little wins face-off versus Sergey Kalinin in neutral zone.
6:38 of 3rd period - Slapshot by Mark Stone.
6:38 of 3rd period - Stopped by Cam Ward without a rebound.
6:39 of 3rd period - Sergey Kalinin wins face-off versus Bryan Little in Avalanche zone.
7:06 of 3rd period - Charlie Coyle is hit by Logan Couture.
7:12 of 3rd period - Snap shot by Jason Spezza.
7:12 of 3rd period - Shot Misses the Net.
7:14 of 3rd period - Slapshot by Victor Hedman.
7:14 of 3rd period - Shot Blocked by Colten Teubert.
7:16 of 3rd period - Slapshot by Victor Hedman.
7:16 of 3rd period - Shot Misses the Net.
7:18 of 3rd period - Wrist shot by Milan Michalek.
7:18 of 3rd period - Stopped by Cam Ward without a rebound.
7:19 of 3rd period - Bryan Little wins face-off versus Cody Hodgson in Avalanche zone.
7:36 of 3rd period - Snap shot by Mikkel Boedker.
7:36 of 3rd period - Shot Misses the Net.
7:50 of 3rd period - Off-side.
7:51 of 3rd period - Logan Couture wins face-off versus Vincent Trocheck in neutral zone.
7:56 of 3rd period - Wrist shot by Logan Couture.
7:56 of 3rd period - Shot Misses the Net.
8:02 of 3rd period - Wrist shot by Jason Spezza.
8:02 of 3rd period - Shot Blocked by Marc Staal.
8:04 of 3rd period - Slapshot by Jared Spurgeon.
8:04 of 3rd period - Shot Misses the Net.
8:06 of 3rd period - Snap shot by Jason Spezza.
8:06 of 3rd period - Shot Misses the Net.
8:33 of 3rd period - Minor Penalty to Mark Stone for Tripping.
8:34 of 3rd period - Logan Couture wins face-off versus Bryan Little in Capitals zone.
8:51 of 3rd period - Snap shot by Bryan Little.
8:51 of 3rd period - Shot Blocked by Victor Hedman.
9:51 of 3rd period - Nikita Zaitsev is hit by Jack Johnson and loses puck.
10:33 of 3rd period - Penalty to Mark Stone is over, Mark Stone is back on ice.
10:44 of 3rd period - Pavel Buchnevich is hit by Mark Stone and loses puck.
10:51 of 3rd period - Luke Witkowski is hit by Mark Stone and loses puck.
11:20 of 3rd period - Cameron Gaunce is hit by Luke Witkowski and loses puck.
12:02 of 3rd period - Erik Karlsson is hit by Brad Richardson and loses puck.
12:27 of 3rd period - Snap shot by Bryan Little.
12:27 of 3rd period - Deflect By Ilya Kovalchuk.
12:27 of 3rd period - Stopped by Cory Schneider with a rebound.
12:53 of 3rd period - Backhand shot by Jared Spurgeon.
12:53 of 3rd period - Stopped by Cam Ward with a rebound.
12:55 of 3rd period - Wrist shot by Brad Richardson.
12:55 of 3rd period - Shot Misses the Net.
12:57 of 3rd period - Slapshot by Jared Spurgeon.
12:57 of 3rd period - Stopped by Cam Ward without a rebound.
12:58 of 3rd period - Vincent Trocheck wins face-off versus Brad Richardson in Avalanche zone.
13:38 of 3rd period - Slapshot by Jason Spezza.
13:38 of 3rd period - Stopped by Cam Ward with a rebound.
13:40 of 3rd period - Slapshot by Nikita Zaitsev.
13:40 of 3rd period - Deflect By Mattias Ekholm.
13:40 of 3rd period - Stopped by Cam Ward without a rebound.
13:41 of 3rd period - Bryan Little wins face-off versus Logan Couture in Avalanche zone.
13:47 of 3rd period - Minor Penalty to Milan Michalek for Hooking.
13:48 of 3rd period - Logan Couture wins face-off versus Bryan Little in Capitals zone.
14:30 of 3rd period - Wrist shot by Evgeny Dadonov.
14:30 of 3rd period - Shot Misses the Net.
14:32 of 3rd period - Wrist shot by James Van Riemsdyk.
14:32 of 3rd period - Shot Blocked by Jason Spezza.
15:47 of 3rd period - Penalty to Milan Michalek is over, Milan Michalek is back on ice.
16:42 of 3rd period - Charlie Coyle is hit by Jared Spurgeon and loses puck.
16:59 of 3rd period - Jason Spezza is hit by Mattias Ekholm and loses puck.
17:10 of 3rd period - Vincent Trocheck is hit by Sergey Kalinin and loses puck.
17:32 of 3rd period - Icing by Victor Hedman.
17:33 of 3rd period - Cody Hodgson wins face-off versus Bryan Little in Capitals zone.
17:42 of 3rd period - Ilya Kovalchuk is hit by Patrick Kane and loses puck.
18:19 of 3rd period - Alexei Marchenko is hit by Vincent Trocheck and loses puck.
18:44 of 3rd period - Milan Michalek is hit by Erik Karlsson and loses puck.
19:28 of 3rd period - Off-side.
19:29 of 3rd period - Mike Keenan call a timeout for Avalanche.
19:29 of 3rd period - Mikkel Boedker wins face-off versus Logan Couture in neutral zone.
19:32 of 3rd period - Avalanche, Cam Ward is pulled from the net.
Goals for this period are 1 for Capitals vs 0 for Avalanche.
Shots for this period are 12 for Capitals vs 2 for Avalanche.